 Dungeon Crawl Stone Soup version 0.26.1-11-gd32895ea62 (webtiles) character file.

Game seed: 8417212252911258486

58646 Almogavar the Destroyer (level 14, -21/107 HPs)
             Began as a Yellow Draconian Conjurer on June 13, 2021.
             Was a High Priest of Nemelex Xobeh.
             Demolished by a boulder beetle (54 damage)
             ... on level 6 of the Lair of Beasts on June 14, 2021.
             The game lasted 02:08:47 (31798 turns).

Almogavar the Destroyer (DrCj)                     Turns: 31798, Time: 02:08:47

Health: -21/107    AC: 12    Str: 12    XL:     14   Next: 50%
Magic:  11/31      EV: 34    Int: 22    God:    Nemelex Xobeh [*****.]
Gold:   1380       SH:  0    Dex:  9    Spells: 27/39 levels left

rFire    . . .     SeeInvis .   I - +2 demon blade (venom)
rCold    . . .     Faith    .   (no shield)
rNeg     + . .     Spirit   .   (armour unavailable)
rPois    .         Reflect  .   (helmet restricted)
rElec    .         Harm     .   f - +1 cloak
rCorr    +         Rampage  .   R - +0 pair of gloves
Will     +....     Rnd*Rage +   a - +0 pair of boots
Stlth    +++.......             O - amulet of the acrobat
HPRegen  0.27/turn              d - +4 ring of evasion
MPRegen  0.22/turn              J - ring of positive energy

@: acrobat
A: spit acid, unfitting armour, berserk 1, acidic bite, cold-blooded, acid
resistance, AC +8
a: Breathe Acid, Renounce Religion, Draw Escape, Draw Destruction, Draw
Summoning, Triple Draw, Deal Four, Stack Five


You were on level 6 of the Lair of Beasts.
You worshipped Nemelex Xobeh.
Nemelex Xobeh was extremely pleased with you.
You visited 4 branches of the dungeon, and saw 19 of its levels.
You also visited: Sewer and Volcano.

You collected 1980 gold pieces.
You spent 600 gold pieces at shops.

Inventory:

Hand Weapons
 z - a +5 short sword of holy wrath
 I - a +2 demon blade of venom (weapon)
 M - the +6 trident of the Heart {speed, rF++ rC+++ Str-2}
   (You found it on level 3 of the Lair of Beasts)

   Attacks with this weapon are significantly faster.
   It affects your strength (-2).
   It greatly protects you from fire.
   It renders you almost immune to cold.
Armour
 a - a +0 pair of boots (worn)
 f - a +1 cloak (worn)
 R - a +0 pair of gloves (worn)
Magical Staves
 F - an uncursed staff of cold
 H - an uncursed staff of fire
Jewellery
 d - a +4 ring of evasion (left hand)
 n - an uncursed amulet of reflection
 v - an uncursed ring of fire
 J - a ring of positive energy (right hand)
 N - an uncursed ring of fire
 O - an amulet of the acrobat (around neck)
Wands
 h - a wand of flame (20)
 w - a wand of digging (3)
 y - a wand of disintegration (13)
 A - a wand of random effects (18)
 C - a wand of polymorph (10)
 E - a wand of paralysis (18)
 G - a wand of enslavement (4)
Scrolls
 b - 5 scrolls of fog
 j - 4 scrolls of amnesia
 k - 6 scrolls of remove curse
 o - 2 scrolls of fear
 p - 3 scrolls of teleportation
 q - 3 scrolls of enchant weapon
 D - 3 scrolls of magic mapping
 K - a scroll of blinking
 L - a scroll of enchant armour
 P - 2 scrolls of identify
Potions
 c - 3 potions of heal wounds
 e - 3 potions of resistance
 g - a potion of cancellation
 i - 3 potions of brilliance
 l - a potion of invisibility
 m - 6 potions of lignification
 r - 4 potions of flight
 s - 6 potions of might
 t - a potion of ambrosia
 u - 6 potions of curing
 B - 5 potions of haste
 Q - a potion of magic
Miscellaneous
 x - a condenser vane


   Skills:
 + Level 5.0 Fighting
 + Level 1.9(4.4) Short Blades
 + Level 6.4(6.5) Long Blades
 + Level 7.6 Dodging
 + Level 6.6 Stealth
 - Level 4.7 Shields
 + Level 13.3 Spellcasting
 + Level 13.9 Conjurations
 + Level 8.9 Translocations


You had 27 spell levels left.
You knew the following spells:

 Your Spells              Type           Power        Failure   Level
a - Magic Dart            Conj           100%         0%          1
b - Searing Ray           Conj           100%         1%          2
c - Iskenderun's Mystic   Conj/Tloc      60%          1%          4
d - Iskenderun's Battles  Conj           66%          1%          5

Your spell library contained the following spells:

 Spells                   Type           Power        Failure   Level
 Shock                    Conj/Air       100%         1%          1
 Blink                    Tloc           N/A          1%          2
 Conjure Flame            Conj/Fire      45%          1%          3
 Dazzling Flash           Conj/Hex       90%          1%          3
 Gell's Gravitas          Tloc           26%          1%          3
 Mephitic Cloud           Conj/Pois/Air  35%          1%          3
 Portal Projectile        Hex/Tloc       68%          1%          3
 Stone Arrow              Conj/Erth      90%          1%          3
 Fulminant Prism          Conj/Hex       22%          2%          4
 Hailstorm                Conj/Ice       45%          2%          4
 Corona                   Hex            15%          4%          1
 Freeze                   Ice            56%          4%          1
 Call Imp                 Summ           14%          7%          2
 Poisonous Vapours        Pois/Air       28%          7%          2
 Slow                     Hex            14%          7%          2
 Fireball                 Conj/Fire      22%          7%          5
 Orb of Destruction       Conj           33%          12%         7
 Confusing Touch          Hex            14%          13%         3
 Frozen Ramparts          Ice            28%          13%         3
 Inner Flame              Hex/Fire       14%          13%         3
 Ozocubu's Armour         Ice            14%          13%         3
 Bolt of Magma            Conj/Fire/Erth 17%          19%         5
 Cause Fear               Hex            7%           41%         4
 Ice Form                 Ice/Tmut       14%          41%         4
 Leda's Liquefaction      Hex/Erth       7%           41%         4
 Petrify                  Tmut/Erth      14%          41%         4
 Summon Ice Beast         Ice/Summ       14%          41%         4
 Freezing Cloud           Conj/Ice/Air   17%          69%         6
 Metabolic Englaciation   Hex/Ice        7%           77%         5
 Silence                  Hex/Air        7%           77%         5
 Yara's Violent Unravell  Hex/Tmut       7%           77%         5
 Ozocubu's Refrigeration  Ice            7%           100%        6
 Simulacrum               Ice/Necr       7%           100%        6


Dungeon Overview and Level Annotations

Branches:
Dungeon (10/15)            Temple (1/1) D:5            Lair (6/6) D:10
  Swamp (0/4) Lair:3        Snake (0/4) Lair:4        Slime (0/5) Lair:6
    Orc (2/2) D:9             Elf (0/3) Orc:2         Sewer (visited)
Volcano (visited)

Altars:
Ashenzari
Cheibriados
Elyvilon
Fedhas
Gozag
Hepliaklqana
Kikubaaqudgha
Makhleb
Nemelex Xobeh
Okawaru
Qazlal
Ru
Sif Muna
Trog
Uskayaw
Vehumet
Xom
Yredelemnul
Zin
The Shining One
Beogh

Shops:
D:8 [   D:9 }?   D:10 *   Orc:1 ?   Orc:2 }}[?

Annotations:
D:5 2 transporters, kalagan's ghost, novice DECj


Innate Abilities, Weirdness & Mutations

You can spit globs of acid.
Your golden yellow scales are hard. (AC +8)
You cannot fit into any form of body armour.
You have acidic saliva.
You are cold-blooded and may be slowed by cold attacks.
You are resistant to acid. (rCorr)
You tend to lose your temper in combat.


Message History

Casting: Iskenderun's Mystic Blast (safe; 1% risk of failure)
Confirm with . or Enter, or press ? or * to list all spells.
Aiming: Searing Ray (safe; 1% risk of failure)
Press: ? - help, Shift-Dir - straight line, f/p - boulder beetle
Aim: a boulder beetle (severely wounded, 0% to evade)
The searing ray hits the boulder beetle.
The boulder beetle is severely wounded. (Press . to maintain the ray.) Unknown command.
The searing ray hits the boulder beetle.
The boulder beetle is almost dead.
The boulder beetle curls into a ball and begins rolling!
The searing ray hits the boulder beetle.
The boulder beetle is almost dead.
The searing ray hits the boulder beetle but does no damage.
The boulder beetle is almost dead.
You finish channeling your searing ray.
The boulder beetle hits you!!!
Ouch! That really hurt!
You die...
Your body glows with a rainbow of weird colours and disappears.

##............####.#...###..
#.P............##.#...##P...
#P.............##....##.....
#P.#.................P#.....
####........................
#.##.#.#.#.#.....#........
##..................°○○...
#...#.#.#.#.......°......
##......@B°..............
#...#.#.#.#..##..........
##..........####.........
####.#.#.#.# ###......#
##.#.#### ###...## #####
##...## #.#### ###


You could see a boulder beetle.

Vanquished Creatures
  An ettin (Orc:2)
  Josephine (Lair:6)
  4 hydras
  A catoblepas (Lair:6)
  2 ogre magi (Orc:2)
  8 two-headed ogres
  11 death yaks
  A queen ant (D:10)
  Sonja (Lair:6)
  A fire crab (Volcano)
  2 deep trolls (Orc:2)
  6 lindwurms
  Pikel (D:9)
  An obsidian statue (Volcano)
  An orc sorcerer (Orc:1)
  A cyclops (Orc:2)
  4 elephants
  Joseph (D:7)
  A torpor snail (Lair:6)
  4 black mambas
  8 cane toads
  A rime drake (Lair:6)
  Maggie (Lair:1)
  6 komodo dragons
  7 trolls
  A polar bear (Lair:3)
  A queen bee (Orc:2)
  Prince Ribbit (D:9)
  16 blink frogs
  Sigmund (D:2)
  4 wraiths (Lair:6)
  A wyvern (Lair:4)
  41 yaks
  10 fire bats
  4 steam dragons
  2 basilisks
  6 wargs
  4 nagas (Lair:4)
  8 soldier ants (D:10)
  A hell hound (Volcano)
  Duvessa (D:7)
  7 water moccasins
  11 orc warriors
  2 black bears
  6 ice beasts
  4 sky beasts
  19 ogres
  A necrophage (D:8)
  A phantom (D:10)
  5 wolves
  3 centaurs
  2 lemures (D:9)
  3 big kobolds
  19 bullfrogs
  3 scorpions
  Dowan (D:7)
  11 killer bees
  4 wights
  3 electric eels (D:6)
  3 howler monkeys (D:9)
  5 lava snakes (Volcano)
  A quasit (D:10)
  A centaur skeleton (D:10)
  3 hounds
  11 orc priests
  14 orc wizards
  Ijyb (D:5)
  4 hell rats (Lair:3)
  23 worker ants
  2 hound skeletons
  20 adders
  14 gnolls (D:6)
  6 river rats
  A shadow imp (D:7)
  4 white imps
  3 ufetubi
  2 oozes
  7 worms
  5 dart slugs
  5 leopard geckos
  55 orcs
  9 giant cockroaches
  2 gnoll zombies (D:6)
  26 hobgoblins
  19 kobolds
  4 quokkas
  3 ball pythons
  7 bats
  8 frilled lizards
  26 goblins
  A leopard gecko skeleton (D:8)
  A leopard gecko zombie (D:6)
  14 rats
593 creatures vanquished.

Vanquished Creatures (collateral kills)
  A water moccasin (Lair:6)
1 creature vanquished.

Vanquished Creatures (others)
  24 fungi
  57 plants
81 creatures vanquished.

Grand Total: 675 creatures vanquished

Notes
Turn   | Place    | Note
-------+----------+-------------------------------------------
     0 | D:1      | Almogavar the Draconian Conjurer began the quest for the
                  | Orb.
     0 | D:1      | Reached XP level 1. HP: 14/14 MP: 3/3
   197 | D:1      | Reached XP level 2. HP: 20/20 MP: 0/5
   253 | D:1      | Learned a level 2 spell: Searing Ray
   838 | D:1      | Reached XP level 3. HP: 26/26 MP: 3/6
  1542 | D:2      | Noticed Sigmund
  1549 | D:2      | Killed Sigmund
  1550 | D:2      | Reached skill level 5 in Conjurations
  1550 | D:2      | Reached XP level 4. HP: 20/33 MP: 0/8
  1550 | D:2      | Reached XP level 5. HP: 23/38 MP: 0/9
  2083 | D:2      | Found an iron altar of Okawaru.
  2475 | D:3      | Found a glowing drain.
  2486 | Sewer    | Entered a sewer
  2548 | Sewer    | Reached XP level 6. HP: 45/45 MP: 6/10
  2927 | Sewer    | Reached skill level 1 in Short Blades
  3390 | D:3      | Found a hide-covered altar of Uskayaw.
  3436 | D:3      | Your scales start taking on a golden yellow colour.
  3436 | D:3      | Reached XP level 7. HP: 40/51 MP: 1/13
  3436 | D:3      | Gained mutation: You are resistant to acid. (rCorr) [Yellow
                  | Draconian growth]
  3663 | D:3      | Learned a level 4 spell: Iskenderun's Mystic Blast
  4672 | D:4      | Found a hazy altar of Hepliaklqana.
  4825 | D:4      | Reached skill level 1 in Translocations
  4996 | D:4      | Found an ancient bone altar of Kikubaaqudgha.
  5348 | D:5      | Entered Level 5 of the Dungeon
  5922 | D:5      | Found a transporter.
  5944 | D:5      | Noticed kalagan's ghost (novice DECj)
  5955 | D:5      | Found a transporter.
  6043 | D:5      | Reached skill level 1 in Shields
  6202 | D:5      | Noticed Ijyb
  6561 | D:5      | Killed Ijyb
  6670 | D:5      | Reached skill level 5 in Spellcasting
  6670 | D:5      | Reached XP level 8. HP: 56/58 MP: 10/15
  6869 | D:5      | Found a staircase to the Ecumenical Temple.
  6878 | Temple   | Entered the Ecumenical Temple
  6887 | Temple   | Became a worshipper of Nemelex Xobeh the Trickster
  7339 | D:5      | Reached skill level 1 in Fighting
  8699 | D:6      | Reached XP level 9. HP: 64/64 MP: 13/18
  8737 | D:6      | Reached * piety under Nemelex Xobeh
  8774 | D:6      | Found a shimmering blue altar of Sif Muna.
  9224 | D:6      | Found a glowing golden altar of the Shining One.
  9557 | D:6      | Noticed a troll
  9565 | D:6      | Killed a troll
  9795 | D:6      | Found a basalt altar of Yredelemnul.
  9965 | D:7      | Noticed Duvessa
  9965 | D:7      | Noticed Dowan
  9975 | D:7      | Killed Dowan
  9979 | D:7      | Killed Duvessa
 10307 | D:7      | Reached skill level 5 in Stealth
 10498 | D:7      | Noticed Joseph
 10511 | D:7      | Killed Joseph
 10512 | D:7      | Reached skill level 5 in Translocations
 10759 | D:7      | Received a gift from Nemelex Xobeh
 10769 | D:7      | Reached XP level 10. HP: 71/71 MP: 13/21
 11143 | D:8      | Found Sommil's Antique Armour Shop.
 11212 | D:8      | Found a burning altar of Makhleb.
 11466 | D:8      | Reached ** piety under Nemelex Xobeh
 12011 | D:9      | Found a blossoming altar of Fedhas.
 12068 | D:9      | Found a stormy altar of Qazlal.
 12398 | D:9      | Received a gift from Nemelex Xobeh
 12732 | D:9      | Noticed Pikel
 12826 | D:9      | Killed Pikel
 12887 | D:9      | Noticed Prince Ribbit
 12904 | D:9      | Killed Prince Ribbit
 13060 | D:9      | Found Diethyal's Gadget Emporium.
 13068 | D:9      | Found Lureddi's Magic Scroll Boutique.
 13270 | D:9      | Found a staircase to the Orcish Mines.
 13329 | D:10     | Entered Level 10 of the Dungeon
 13977 | D:10     | Reached skill level 10 in Conjurations
 14012 | D:10     | Reached XP level 11. HP: 55/80 MP: 1/24
 14766 | D:10     | Found Xuing's General Store.
 14834 | D:10     | Noticed a queen ant
 14847 | D:10     | Killed a queen ant
 14848 | D:10     | Reached skill level 1 in Long Blades
 15023 | D:10     | Noticed a two-headed ogre
 15034 | D:10     | Killed a two-headed ogre
 15159 | D:10     | Received a gift from Nemelex Xobeh
 15251 | D:10     | Found a staircase to the Lair.
 15319 | D:10     | Reached *** piety under Nemelex Xobeh
 15724 | Orc:1    | Entered Level 1 of the Orcish Mines
 15725 | Orc:1    | Noticed an orc sorcerer
 15728 | Orc:1    | Killed an orc sorcerer
 15729 | Orc:1    | Reached skill level 5 in Dodging
 15826 | Orc:1    | Found Zulu's Magic Scroll Shop.
 15834 | Orc:1    | Identified a scroll of acquirement
 15834 | Orc:1    | Acquired the Almanac of Hexes and Arcane Weapons
 15844 | Orc:1    | Learned a level 5 spell: Iskenderun's Battlesphere
 15892 | Orc:2    | Entered Level 2 of the Orcish Mines
 15979 | Orc:2    | Found a staircase to the Elven Halls.
 16100 | Orc:2    | Found a dark tunnel.
 16110 | Volcano  | Entered a volcano
 16417 | Volcano  | Noticed a fire crab
 16423 | Volcano  | Killed a fire crab
 16568 | Volcano  | Found a bloodstained altar of Trog.
 16587 | Volcano  | Noticed an obsidian statue
 16587 | Volcano  | Noticed a lindwurm
 16688 | Volcano  | Killed a lindwurm
 16763 | Volcano  | Gained mutation: You tend to lose your temper in combat. [a
                  | neqoxec]
 16773 | Volcano  | Noticed a sun demon
 16773 | Volcano  | Killed an obsidian statue
 16774 | Volcano  | Reached skill level 10 in Spellcasting
 17180 | Orc:1    | You fall into a shaft and drop 1 floor!
 17298 | Orc:2    | Noticed an ogre mage
 17298 | Orc:2    | Noticed a two-headed ogre
 17304 | Orc:2    | Noticed an ettin
 17585 | Orc:2    | Killed a two-headed ogre
 17586 | Orc:2    | Reached XP level 12. HP: 89/89 MP: 14/26
 17697 | Orc:2    | Noticed a two-headed ogre
 17706 | Orc:2    | Noticed a two-headed ogre
 17711 | Orc:2    | Killed an ogre mage
 17716 | Orc:2    | Killed a two-headed ogre
 17716 | Orc:2    | Killed a two-headed ogre
 18024 | Orc:2    | Noticed a two-headed ogre
 18083 | Orc:2    | Noticed a two-headed ogre
 18201 | Orc:2    | Killed a two-headed ogre
 18320 | Orc:2    | Killed a two-headed ogre
 18562 | Orc:2    | Noticed a two-headed ogre
 18568 | Orc:2    | Killed a two-headed ogre
 18962 | Orc:2    | Noticed an ogre mage
 19008 | Orc:2    | Killed an ogre mage
 19180 | Orc:2    | Noticed a two-headed ogre
 19192 | Orc:2    | Killed a two-headed ogre
 19273 | Orc:2    | Killed an ettin
 19498 | Orc:2    | Found Koehoaha's Magic Scroll Boutique.
 19499 | Orc:2    | Found Deriv Vorema's Armour Shop.
 19535 | Orc:2    | Found Garph's Gadget Shoppe.
 19544 | Orc:2    | Found Soibb's Gadget Boutique.
 19926 | Orc:1    | Received a gift from Nemelex Xobeh
 20063 | Orc:1    | Reached **** piety under Nemelex Xobeh
 20094 | Orc:1    | Found a roughly hewn altar of Beogh.
 20815 | Orc:2    | Bought a condenser vane for 600 gold pieces
 20953 | Lair:1   | Entered Level 1 of the Lair of Beasts
 21158 | Lair:1   | Noticed Maggie
 21172 | Lair:1   | Killed Maggie
 21289 | Lair:1   | Received a gift from Nemelex Xobeh
 21447 | Lair:1   | Reached XP level 13. HP: 68/96 MP: 19/28
 22224 | Lair:2   | Reached ***** piety under Nemelex Xobeh
 22225 | Lair:2   | Received a gift from Nemelex Xobeh
 23580 | Lair:2   | Received a gift from Nemelex Xobeh
 24410 | Lair:3   | Got a fading trident
 24644 | Lair:3   | Found a staircase to the Swamp.
 25531 | Lair:3   | Received a gift from Nemelex Xobeh
 26118 | Lair:4   | Found a staircase to the Snake Pit.
 26760 | Lair:4   | Received a gift from Nemelex Xobeh
 27275 | Lair:4   | Received a gift from Nemelex Xobeh
 27578 | Lair:5   | Received a gift from Nemelex Xobeh
 27745 | Lair:5   | Reached skill level 5 in Long Blades
 28307 | Lair:5   | Gained mutation: You have acidic saliva. [Yellow Draconian
                  | growth]
 28307 | Lair:5   | Reached XP level 14. HP: 101/105 MP: 4/30
 28821 | Lair:5   | Received a gift from Nemelex Xobeh
 28894 | Lair:5   | Identified the +6 trident of the Heart {speed, rF++ rC+++
                  | Str-2} (You found it on level 3 of the Lair of Beasts)
 28924 | Lair:6   | Entered Level 6 of the Lair of Beasts
 29279 | Lair:6   | Noticed Josephine
 29291 | Lair:6   | Killed Josephine
 29383 | Lair:6   | Noticed Sonja
 29419 | Lair:6   | Killed Sonja
 30517 | Lair:6   | Received a gift from Nemelex Xobeh
 30588 | Lair:6   | Reached skill level 5 in Fighting
 31224 | Lair:6   | Reached ****** piety under Nemelex Xobeh
 31798 | Lair:6   | Demolished by a boulder beetle

Illustrated notes

Levels and vault maps discovered:
D:1:      shiori_arrival_elements, layout_basic, minmay_misc_feat_hallway,
          supply_closet_lemuel, minmay_misc_feat_roman, minmay_misc_feat_five
D:2:      layout_rooms, okawaru_gym_becter, minmay_distorted, uniq_sigmund
D:3:      layout_loops_ring, eat_drink_and_be_merry_uskayaw,
          portal_sewer_entry_f, st_stairs_3, chequers_arboretum,
          minmay_misc_feat_encased
D:4:      layout_loops_ring, nzn_hepliaklqana_mist_gate, kiku_gazebo_pond_becter
D:5:      layout_loops_ring, temple_hall, gammafunk_ghost_stat_death,
          kennysheep_another_room, uniq_ijyb
D:6:      minmay_goblin_kobold_castle, layout_cave_pools,
          lemuel_zombie_altar_yredelemnul, tso_oasis_becter, tgw_sif,
          minmay_misc_feat_cross
D:7:      layout_gridville, uniq_joseph, uniq_duvessa
D:8:      layout_loops_ring, overflow_temple_1_default, serial_shops,
          nicolae_shop_overgrown_old_shop, chequers_serial_rivers_micro_e
D:9:      layout_rooms, old_standard_altar, minmay_orc_entry_guard_dogs,
          serial_shops, shop, nicolae_shop_behind_doors,
          fedhas_bush_and_centaur_altar, uniq_pikel, uniq_prince_ribbit1
D:10:     layout_basic, dpeg_oklobed_lair, serial_shops, kennysheep_little_box,
          zaba_antful_of_joy
Temple:   cyrus_circular_temple
Lair:1:   layout_regular_city, st_stairs_12, minivault_27, uniq_urug,
          uniq_maggie
Lair:2:   layout_regular_city
Lair:3:   layout_misc_corridors, swamp_mist, st_stairs_11,
          kennysheep_abandoned_house, serial_bayou_shore_b, serial_bayou_shore_a
Lair:4:   layout_regular_city, guppyfry_snake_entry_garden, lemuel_fruit_fields,
          grunt_megastairs_2
Lair:5:   layout_gridlike, minmay_lindwurm_lava, infiniplex_staircase_pool_2
Lair:6:   grunt_lair_end_beastmaster, layout_cave_pods,
          dpeg_slime_entry_enclosed_altar, gauntlet_entry_generic,
          chequers_serial_rivers_small_b, serial_bayou_pond_a,
          chequers_serial_rivers_room_b, serial_bayou_pond_a, st_stairs_8,
          uniq_josephine, uniq_sonja
Orc:1:    layout_diamond_mine, serial_shops, shop, basic_altar
Orc:2:    st_orc_open, layout_diamond_mine, nicolae_volcano_entry_batcave,
          nicolae_orc_lava_tube

Skill      XL: |  1  2  3  4  5  6  7  8  9 10 11 12 13 14 |
---------------+-------------------------------------------+-----
Dodging        | 2 3 4 5 6 7 |  7.6
Stealth        | 2 3 4 5 6 |  6.6
Conjurations   | 5 6 7 8 10 11 12 13 | 13.9
Spellcasting   | 3 4 5 6 7 9 10 11 12 13 | 13.3
Short Blades   | 1 |  1.9
Translocations | 2 3 5 6 7 8 |  8.9
Shields        | 1 2 3 4 |  4.7
Fighting       | 1 2 3 4 5 |  5.0
Long Blades    | 3 5 6 |  6.4

Action                   |  1- 3 |  4- 6 |  7- 9 | 10-12 | 13-15 || total
-------------------------+-------+-------+-------+-------+-------++-------
Melee: Unarmed           |     3 |       |       |       |       ||     3
       Short sword       |    23 |     1 |       |     2 |       ||    26
       Tailslap          |     5 |       |     3 |     4 |     6 ||    18
       Dagger            |       |       |    33 |       |       ||    33
       Demon blade       |       |       |       |    12 |    54 ||    66
       Staff             |       |       |       |     1 |       ||     1
       Bite              |       |       |       |       |     8 ||     8
 Cast: Magic Dart        |    37 |    47 |   155 |   136 |    88 ||   463
       Searing Ray       |     9 |    25 |    91 |   186 |   160 ||   471
       Iskenderun's Myst |       |       |     2 |    63 |    83 ||   148
       Iskenderun's Batt |       |       |       |       |     1 ||     1
Invok: Draw Destruction  |       |       |       |     8 |     2 ||    10
       Draw Escape       |       |       |       |     1 |     1 ||     2
       Draw Summoning    |       |       |       |       |     1 ||     1
 Abil: Breathe Acid      |       |       |     4 |     8 |     6 ||    18
Evoke: Wand              |       |       |       |       |     1 ||     1
  Use: Scroll            |       |     5 |     5 |    16 |    10 ||    36
       Potion            |       |       |       |       |     1 ||     1
 Stab: Sleeping          |       |       |     4 |     2 |     1 ||     7
Armor: Skin              |     6 |     3 |    16 |    46 |    53 ||   124
Dodge: Dodged            |    17 |     3 |    79 |   206 |   288 ||   593
Block: Other             |       |     2 |    27 |    60 |    17 ||   106
       Reflection        |       |     1 |     6 |     4 |       ||    11
       Rpst.: Demon blade |       |       |       |    12 |    83 ||    95
